 Dungeon Crawl Stone Soup version 0.31.0-11-ge490571c62 (webtiles) character file.

Game seed: 2670851352928486035

8 browni3141 the Trooper (level 2, 24/24 HPs)
             Began as a Demonspawn Fighter on Jan 31, 2024.
             Got out of the dungeon alive.
             The game lasted 00:00:09 (155 turns).

browni3141 the Trooper (Demonspawn Fighter)          Turns: 155, Time: 00:00:10

Health: 24/24      AC:  6    Str: 16    XL:     2   Next: 0%
Magic:  2/2        EV:  8    Int:  8    God:
Gold:   0          SH:  4    Dex: 12    Spells: 1/1 levels left

rFire   . . .        a - +0 flail
rCold   . . .        c - +0 buckler
rNeg    . . .        b - +0 scale mail
rPois   .            (no helmet)
rElec   .            (no cloak)
rCorr   .            (no gloves)
SInv    .            (no boots)
Will    .....        (no amulet) Stlth
                     (no ring)
HPRegen 0.24/turn    (no ring)
MPRegen 0.08/turn

%: no passive effects
@: no status effects
A: demonic touch 1
a: no special abilities


You escaped.
You visited 1 branch of the dungeon, and saw 1 of its levels.

Inventory:

Hand Weapons
 a - a +0 flail (weapon)
Armour
 b - a +0 scale mail (worn)
 c - a +0 buckler (worn)
Scrolls
 g - a scroll of revelation {unknown}
Potions
 d - a potion of might
 e - a potion of mutation {unknown}
 f - a potion of haste {unknown}


   Skills:
 + Level 3.1 Fighting
 + Level 2.0 Maces & Flails
 + Level 2.8 Armour
 + Level 2.8 Shields


You had one spell level left.
You didn't know any spells.
Your spell library was empty.

Dungeon Overview and Level Annotations

Branches:
Dungeon (1/15)

Altars:

Shops:
D:1 =


Innate Abilities, Weirdness & Mutations

Your touch may inflict minor irresistible damage on your foes.


Message History

The endoplasm freezes you.
You are frozen.
There are monsters nearby!
You closely miss the ball python. The ball python completely misses you.
The ball python constricts you. You block the quokka's attack.
The endoplasm hits you but does no damage.
The ball python barely misses you. The ball python constricts you.
The quokka bites you but does no damage.
You block the endoplasm's attack.
There are monsters nearby!
You hit the ball python.
The ball python is heavily wounded.
The ball python bites you but does no damage.
The ball python constricts you. The quokka completely misses you.
The endoplasm hits you but does no damage.
You block the ball python's attack. The ball python constricts you.
There are monsters nearby!
You barely miss the ball python.
The ball python is heavily wounded.
You block the quokka's attack.
The endoplasm hits you but does no damage.
The ball python bites you. The ball python constricts you.
The quokka bites you but does no damage.
There are monsters nearby!
You thump the ball python!
You kill the ball python!
The endoplasm freezes you.
You are frozen.
The quokka bites you but does no damage.
The endoplasm hits you.
There are monsters nearby!
You barely miss the quokka. The quokka closely misses you.
The quokka bites you but does no damage.
The endoplasm hits you.
You closely miss the quokka.
The quokka bites you but does no damage.
The endoplasm freezes you.
You are frozen.
The quokka completely misses you.
You sock the quokka!
You kill the quokka!
The endoplasm hits you but does no damage. x2
You hit the endoplasm.
The endoplasm is severely wounded.
The endoplasm closely misses you.
You hit the endoplasm.
You kill the endoplasm!
No target in view!
No target in view!
HP restored.
Found an escape hatch in the floor.
Found a stone staircase leading down.
g - a scroll labelled YGGESIT MUTANK A giant cockroach comes into view.
Found Guogekhloo's Jewellery Shoppe.
A giant cockroach is nearby!
The giant cockroach bites you. You block the giant cockroach's attack.
You closely miss the giant cockroach. The giant cockroach barely misses you.
You block the giant cockroach's attack.
You sock the giant cockroach!
You kill the giant cockroach!
No target in view!
No target in view!
You see here a giant cockroach corpse.
No target in view!
There is an entrance to Guogekhloo's Jewellery Shoppe here.
A kobold comes into view. It is wielding a +0 short sword.
The kobold shouts!
A kobold is nearby!
A kobold is nearby!
You closely miss the kobold. The kobold closely misses you.
A kobold is nearby!
You closely miss the kobold.
The kobold hits you but does no damage. x2
A kobold is nearby!
You hit the kobold.
You kill the kobold!
Your Maces & Flails skill increases to level 2!
No target in view!
Things that are here:
a +0 short sword; a kobold corpse No target in view!
Key pressed, stopping explore.
No target in view!
A bat comes into view.
The bat moves out of view.
A bat is nearby!
You sock the bat!
You kill the bat!
A rat comes into view.
The rat squeaks loudly.
The rat twitches its whiskers.
A rat is nearby!
A rat is nearby!
The rat bites you but does no damage.
You sock the rat!
You kill the rat!
You have reached level 2!
Your demonic ancestry asserts itself...
Your hands begin to faintly glow with unholy energy.
There is a staircase leading out of the dungeon here.
You have escaped!

#...
#..............######.
#..
...#.###.#.............
).#
#...#.....#...##...#####
...###.#.#.###...#..#
...#.........#...##.#####
#.#.#.#.#.###........#
...#.#..............#
#.#.###.###.#.#........#
#......@......#........#
#.#.###.###.#.#........#
#.#..............#
#.#.#.###..†.....#
......##.........#
#.#.####.........# .....
#.........# .###
###########


There were no monsters in sight!

Vanquished Creatures
  A ball python (D:1)
  An endoplasm (D:1)
  A giant cockroach (D:1)
  A quokka (D:1)
  A bat (D:1)
  A frilled lizard (D:1)
  A kobold (D:1)
  A rat (D:1)
8 creatures vanquished.

Notes
Turn   | Place    | Note
-------+----------+-------------------------------------------
     0 | D:1      | browni3141 the Demonspawn Fighter began the quest for the
                  | Orb.
     0 | D:1      | Reached XP level 1. HP: 18/18 MP: 1/1
    84 | D:1      | Found Guogekhloo's Jewellery Shoppe.
   144 | D:1      | Gained mutation: Your touch may inflict minor irresistible
                  | damage on your foes. [demonic ancestry]
   144 | D:1      | Reached XP level 2. HP: 24/24 MP: 2/2
   155 | D:$      | Got out of the dungeon alive.

Illustrated notes

Levels and vault maps discovered:
D:1:      roderic_chinese_lattice_arrival, layout_rooms, serial_shops,
          nicolae_shop_trees

Skill      XL: |  1 |
---------------+----+-----
Maces & Flails | 2 |  2.0
Fighting       | |  3.1
Armour         | |  2.8
Shields        | |  2.8

Action                     || total
---------------------------++-------
  Melee: Flail             ||    21
 Armour: Scale mail        ||    23
  Dodge: Dodged            ||    13
  Block: Buckler           ||     7
